[Event "Mästar Elit"]
[Site "Växjö"]
[Date "2008.07.02"]
[Round "5"]
[White "Evertsson, Lennart"]
[Black "Wickström, Lucas"]
[Result "1-0"]
[ECO "A70"]
[WhiteElo "2170"]
[BlackElo "2090"]
[Annotator ""]
[PlyCount "57"]
[TimeControl "40/7200:20/3600:1800"]

1. d4 Nf6 2. c4 e6 3. Nf3 c5 4. d5 exd5 5. cxd5 d6 6. Nc3 g6 7. e4 Bg7 8. Nd2
O-O 9. Bd3 Nh5 10. Nc4 Nd7 11. Be2 Ndf6 12. a4 Re8 13. Qd3 Ng4 14. Bxg4 Bxg4
15. Be3 f5 16. f3 fxe4 17. fxe4 Qf6 18. Kd2 g5 19. h3 Nf4 20. Qf1 Bf5 21. Qf3
Bg6 22. h4 h6 23. hxg5 hxg5 24. Raf1 Rad8 25. g3 Nh5 26. Qg4 Bxe4 27. Nxe4 Rxe4
28. Qxe4 Nxg3 29. Qh7+ 1-0

[Event "Mästar Elit"]
[Site "Växjö"]
[Date "2008.07.02"]
[Round "5"]
[White "Ebenfelt, Anders"]
[Black "Couso, Luis"]
[Result "0-1"]
[ECO "B42"]
[WhiteElo "2272"]
[BlackElo "2315"]
[Annotator ""]
[PlyCount "62"]
[TimeControl "40/7200:20/3600:1800"]

1. e4 c5 2. Nf3 e6 3. d4 cxd4 4. Nxd4 a6 5. Bd3 Bc5 6. Nb3 Ba7 7. O-O Nc6 8. a4
Nge7 9. Nc3 d6 10. Kh1 e5 11. f4 exf4 12. Bxf4 Ng6 13. Nd5 O-O 14. Qh5 Nce5 15.
Be2 Be6 16. Rad1 Rc8 17. Bxe5 Nxe5 18. c3 f6 19. h3 Bf7 20. Qh4 Re8 21. Qg3 Ng6
22. Bg4 Rc4 23. Bf5 Rxa4 24. h4 Raxe4 25. Bxe4 Rxe4 26. Nxf6+ gxf6 27. Nd4
Rxh4+ 28. Kg1 Qe7 29. Rde1 Re4 30. Kh1 Bxd4 31. cxd4 f5 0-1

[Event "Mästar Elit"]
[Site "Växjö"]
[Date "2008.07.02"]
[Round "5"]
[White "Glimbrant, Torbjörn"]
[Black "Lind, Jan-Olov"]
[Result "1/2-1/2"]
[ECO "E92"]
[WhiteElo "2228"]
[BlackElo "2206"]
[Annotator ""]
[PlyCount "186"]
[TimeControl "40/7200:20/3600:1800"]

1. d4 Nf6 2. Nf3 g6 3. c4 Bg7 4. Nc3 O-O 5. e4 d6 6. Be2 e5 7. Be3 Ng4 8. Bg5
f6 9. Bh4 Nc6 10. dxe5 Ngxe5 11. O-O Be6 12. Nd5 Kh8 13. Ne1 Nd7 14. Nc2 Nc5
15. f3 a5 16. Kh1 Qd7 17. Bf2 f5 18. exf5 Bxf5 19. Nd4 Rae8 20. Nxf5 Rxf5 21.
f4 Rf7 22. Bg4 Qd8 23. Bf3 Ne6 24. g3 Ncd4 25. Bg4 Qa8 26. Kg1 Qa6 27. Rc1 c6
28. Bxe6 Nxe6 29. Nc3 Qxc4 30. Qxd6 Rd8 31. Qa3 Qb4 32. Qxb4 axb4 33. Na4 b5
34. Nc5 Nd4 35. Kg2 Rf5 36. Rfd1 Rfd5 37. Nb7 R8d7 38. Na5 Ne2 39. Rxd5 Rxd5
40. Rxc6 Bxb2 41. Rc8+ Kg7 42. Nc6 Bc3 43. Kf3 Nc1 44. Nxb4 Bxb4 45. Rxc1 Be7
46. Rc7 Kf8 47. Rc8+ Kf7 48. Rc7 Ke6 49. Rc6+ Kd7 50. Rc2 b4 51. Ke4 Rb5 52.
Rb2 Ra5 53. Bd4 Ra4 54. Rd2 Ke6 55. g4 b3 56. axb3 Rb4 57. Kd3 Rxb3+ 58. Kc4
Rb4+ 59. Kc3 Ra4 60. Re2+ Kf7 61. Kd3 Bd6 62. f5 gxf5 63. gxf5 Ra3+ 64. Ke4 Rb3
65. Ra2 Rb7 66. h3 Be7 67. Ra6 Bf8 68. Rc6 Rd7 69. Be5 Rb7 70. Bd4 Rd7 71. Rf6+
Ke7 72. Ra6 Kf7 73. Ra8 Rb7 74. Rc8 Rd7 75. h4 Rb7 76. Ra8 Rd7 77. Rb8 Rc7 78.
Be5 Rd7 79. f6 Ra7 80. Kf5 Rd7 81. Rc8 Rb7 82. Rd8 Ra7 83. Rd5 Rb7 84. Rd8 Ra7
85. Kg4 Rb7 86. Bd6 Bxd6 87. Rxd6 Kg6 88. h5+ Kf7 89. Kg5 Rb5+ 90. Kh6 Rf5 91.
Ra6 Rxf6+ 92. Rxf6+ Kxf6 93. Kxh7 Kf7 1/2-1/2

[Event "Mästar Elit"]
[Site "Växjö"]
[Date "2008.07.03"]
[Round "6"]
[White "Nilsson, Sebastian"]
[Black "Jansson, Anders Owen"]
[Result "1-0"]
[ECO "B33"]
[WhiteElo "2215"]
[BlackElo "2189"]
[PlyCount "93"]
[TimeControl "40/7200:20/3600:1800"]

1. e4 c5 2. Nf3 Nc6 3. d4 cxd4 4. Nxd4 Nf6 5.
Nc3 e5 6. Ndb5 d6 7. Bg5 a6 8. Na3 b5 9. Bxf6 gxf6 10. Nd5 Bg7 11. Bd3 Ne7 12.
Nxe7 Qxe7 13. c4 f5 14. O-O O-O 15. Qf3 Qb7 16. exf5 Qxf3 17. gxf3 e4 18. Bxe4
d5 19. Bxd5 Bxf5 20. Bxa8 Rxa8 21. Rae1 Bxb2 22. Re3 b4 23. Nc2 Bxc2 24. Re2
Bd3 25. Rxb2 Bxf1 26. Kxf1 a5 27. Ke2 Kf8 28. Kd3 Ke7 29. c5 Kd7 30. Kc4 Rb8
31. Rd2+ Kc7 32. Rd6 b3 33. axb3 Rb4+ 34. Kd5 Rxb3 35. Rf6 Rd3+ 36. Kc4 Rd7 37.
Kb5 Kd8 38. Kxa5 Ke7 39. Rf4 Ke6 40. Kb6 Rd2 41. Rb4 Kd7 42. Kb7 Rc2 43. Rd4+
Ke7 44. c6 Rb2+ 45. Kc8 Rxf2 46. c7 Rc2 47. Rd1 1-0

[Event "Mästar Elit"]
[Site "Växjö"]
[Date "2008.07.03"]
[Round "6"]
[White "Bejtovic, Jasmin"]
[Black "Semcesen, Daniel"]
[Result "0-1"]
[ECO "C47"]
[WhiteElo "2364"]
[BlackElo "2349"]
[PlyCount "76"]
[TimeControl "40/7200:20/3600:1800"]

1. e4 e5 2. Nf3 Nf6 3. Nc3 Nc6 4. d4 exd4 5. Nxd4 Bb4 6. Nxc6
bxc6 7. Bd3 d5 8. exd5 cxd5 9. O-O O-O 10. Bg5 c6 11. Qf3 Re8 12. Qg3 Bd6 13.
f4 Qb6+ 14. Kh1 Ng4 15. Qh4 h6 16. h3 hxg5 17. Qh7+ Kf8 18. hxg4 gxf4 19. Rae1
Be6 20. Bf5 Qd4 21. Ne2 Qf6 22. Nxf4 Bxf4 23. Rxf4 Ke7 24. Kg1 Rh8 25. Bxe6
Rxh7 26. Rxf6 Kxf6 27. Bd7 Rah8 28. Re3 Rh1+ 29. Kf2 c5 30. g5+ Kxg5 31. Re5+
Kf6 32. Rxd5 Rd8 33. Rf5+ Ke7 34. Ba4 Rh4 35. Bb5 Rd2+ 36. Kg3 Rb4 37. Rxc5
Rxb2 38. Rc7+ Kd8 0-1

[Event "Mästar Elit"]
[Site "Växjö"]
[Date "2008.07.03"]
[Round "6"]
[White "Landgren, Andreas"]
[Black "Ebenfelt, Anders"]
[Result "1-0"]
[ECO "E90"]
[WhiteElo "2198"]
[BlackElo "2272"]
[PlyCount "47"]
[TimeControl "40/7200:20/3600:1800"]

1. d4 Nf6 2. c4 g6 3. Nc3 Bg7 4. e4 d6 5. Nf3 O-O 6. h3 Nbd7 7. Bg5 c6 8. Be2
e5 9. d5 cxd5 10. cxd5 a5 11. O-O Nc5 12. Nd2 h6 13. Be3 b6 14. a3 Ne8 15. f3
f5 16. b4 Nb7 17. Na4 axb4 18. axb4 f4 19. Bf2 g5 20. Nxb6 Rxa1 21. Qxa1 g4 22.
fxg4 f3 23. Bxf3 Qg5 24. Qc3 1-0

[Event "Mästar Elit"]
[Site "Växjö"]
[Date "2008.07.03"]
[Round "6"]
[White "Couso, Luis"]
[Black "Glimbrant, Torbjörn"]
[Result "1/2-1/2"]
[ECO "E90"]
[WhiteElo "2315"]
[BlackElo "2228"]
[PlyCount "20"]
[TimeControl "40/7200:20/3600:1800"]

1. c4 Nf6 2. Nc3 g6 3. e4 d6 4. d4 Bg7 5. Nf3 O-O 6. h3 e5 7. d5 Na6 8. Bg5 h6
9. Be3 Nc5 10. Nd2 a5 1/2-1/2

[Event "Mästar Elit"]
[Site "Växjö"]
[Date "2008.07.03"]
[Round "6"]
[White "Henriksson, Jacob"]
[Black "Evertsson, Lennart"]
[Result "1-0"]
[ECO "D50"]
[WhiteElo "2241"]
[BlackElo "2170"]
[Annotator ""]
[PlyCount "81"]
[TimeControl "40/7200:20/3600:1800"]

1. d4 Nf6 2. c4 e6 3. Nc3 d5 4. Bg5 c6 5. cxd5 cxd5 6. e3 Nc6 7. Nf3 Be7 8. Bd3
O-O 9. O-O Re8 10. Rc1 a6 11. a3 Nd7 12. Bxe7 Qxe7 13. b4 g6 14. Na4 Qd6 15.
Nc5 e5 16. dxe5 Ndxe5 17. Be2 Ng4 18. h3 Nh6 19. Qa4 Ra7 20. Nd4 Nf5 21. Nxf5
gxf5 22. Bf3 Rd8 23. Rfd1 Ne7 24. Rd4 b6 25. Nd3 Rc7 26. Rxc7 Qxc7 27. Nf4 Bb7
28. Qd1 Qe5 29. g3 Rd6 30. h4 Kg7 31. Bg2 h6 32. Qd2 Rd7 33. Nh5+ Kh7 34. Nf4
Kg7 35. Bf3 Kh7 36. e4 fxe4 37. Bxe4+ f5 38. Bf3 Kg7 39. Rd3 Rd6 40. Re3 Qa1+
41. Re1 1-0

[Event "Mästar Elit"]
[Site "Växjö"]
[Date "2008.07.03"]
[Round "6"]
[White "Vas, Peter"]
[Black "Lind, Jan-Olov"]
[Result "1-0"]
[ECO "B32"]
[WhiteElo "2196"]
[BlackElo "2206"]
[PlyCount "53"]
[TimeControl "40/7200:20/3600:1800"]

1. e4 c5 2. Nf3 Nc6 3. d4 cxd4 4. Nxd4 Qb6 5. Nb3 Nf6 6. Be3 Qb4+ 7. N1d2 Nxe4
8. a3 Qa4 9. Bd3 Nxd2 10. Qxd2 Qg4 11. f3 Qh4+ 12. g3 Qf6 13. O-O-O g6 14. Bg5
Qg7 15. Rhe1 f6 16. Be3 Qf7 17. Na5 e6 18. Bb5 Be7 19. Nxb7 O-O 20. Nd6 Bxd6
21. Qxd6 Ne5 22. f4 Nf3 23. Re2 e5 24. b3 Kg7 25. Bc4 Qe8 26. Bc5 Bb7 27. Qxd7+
1-0

[Event "Mästar Elit"]
[Site "Växjö"]
[Date "2008.07.04"]
[Round "7"]
[White "Lind, Jan-Olov"]
[Black "Couso, Luis"]
[Result "1/2-1/2"]
[ECO "A08"]
[WhiteElo "2206"]
[BlackElo "2315"]
[Annotator ""]
[PlyCount "151"]
[TimeControl "40/7200:20/3600:1800"]

1. e4 e6 2. d3 d5 3. Nd2 Nf6 4. Ngf3 c5 5. g3 Nc6 6. Bg2 Be7
7. O-O O-O 8. Re1 b5 9. e5 Nd7 10. Nf1 b4 11. h4 a5 12. N1h2 a4 13. Bg5 a3 14.
b3 Ra6 15. Bh3 Na7 16. Bxe7 Qxe7 17. Qd2 Nb5 18. h5 f6 19. h6 g6 20. Ng4 f5 21.
Ngh2 Nc3 22. Ng5 c4 23. f4 cxb3 24. cxb3 Nc5 25. Nhf3 d4 26. Kh2 Bb7 27. Rg1
Rb6 28. g4 fxg4 29. Rxg4 Ba6 30. Nxd4 Bxd3 31. Ndxe6 Rxe6 32. Nxe6 Qxe6 33.
Rxg6+ Qxg6 34. Rg1 Qxg1+ 35. Kxg1 Ne2+ 36. Kh2 Nxf4 37. Qxb4 Nxh3 38. Qxc5 Nf4
39. Qxa3 Ne6 40. Qd6 Bf5 41. a4 Rc8 42. a5 Rc2+ 43. Kg1 Rc1+ 44. Kf2 Rc2+ 45.
Ke1 Nf4 46. Qd8+ Kf7 47. Qf6+ Ke8 48. Kd1 Nd5 49. Qh8+ Kd7 50. Ke1 Bd3 51. e6+
Kxe6 52. Qg8+ Ke5 53. Qg7+ Kf4 54. Qd4+ Be4 55. a6 Kf3 56. a7 Re2+ 57. Kd1 Ne3+
58. Kc1 Re1+ 59. Kb2 Re2+ 60. Kc3 Rc2+ 61. Kb4 Rc4+ 62. Qxc4 Nxc4 63. Kxc4 Kf4
64. Kd4 Ba8 65. b4 Bh1 66. b5 Be4 67. Kc5 Ke5 68. Kb6 Kd6 69. a8=Q Bxa8 70. Ka7
Bh1 71. b6 Ke6 72. b7 Bxb7 73. Kxb7 Kf6 74. Kc6 Kg6 75. Kd5 Kxh6 76. Ke4
1/2-1/2

[Event "Mästar Elit"]
[Site "Växjö"]
[Date "2008.07.04"]
[Round "7"]
[White "Glimbrant, Torbjörn"]
[Black "Landgren, Andreas"]
[Result "1-0"]
[ECO "A04"]
[WhiteElo "2228"]
[BlackElo "2198"]
[Annotator ""]
[PlyCount "85"]
[TimeControl "40/7200:20/3600:1800"]

1. Nf3 c5 2. b3 d6 3. e3 Nf6 4. d4 cxd4 5. exd4 Bg4 6. Be2 e6 7. O-O Be7 8. c4
d5 9. Be3 dxc4 10. bxc4 O-O 11. Nc3 Nc6 12. h3 Bh5 13. Rb1 b6 14. Qa4 Rc8 15.
Rfd1 Na5 16. c5 Bg6 17. Rbc1 Ne4 18. Ba6 Nxc3 19. Rxc3 Rc7 20. Bf4 Be4 21. Bxc7
Qxc7 22. Rdc1 bxc5 23. Rxc5 Bxc5 24. Rxc5 Nc6 25. Ne5 Rb8 26. Nxc6 Rb1+ 27. Bf1
h6 28. Ne5 Qd8 29. Qxa7 Qg5 30. Ng4 Qd2 31. Ne3 Bd3 32. Rc8+ Kh7 33. Qxf7 Qe2
34. Qg8+ Kg6 35. Qxe6+ Kh7 36. Qg8+ Kg6 37. Rc6+ Kh5 38. Qf7+ Kh4 39. Qf4+ Kh5
40. Qf7+ Kh4 41. g3+ Kg5 42. Qf4+ Kh5 43. Qh4# 1-0

[Event "Mästar Elit"]
[Site "Växjö"]
[Date "2008.07.04"]
[Round "7"]
[White "Jansson, Anders Owen"]
[Black "Wickström, Lucas"]
[Result "1-0"]
[ECO "A30"]
[WhiteElo "2189"]
[BlackElo "2090"]
[Annotator ""]
[PlyCount "55"]
[TimeControl "40/7200:20/3600:1800"]

1. Nf3 Nf6 2. c4 b6 3. g3 Bb7 4. Bg2 e6 5. O-O c5 6. Nc3 Be7 7. Re1 d6 8. e4 a6
9. d4 cxd4 10. Nxd4 Qc7 11. Be3 Nbd7 12. f4 h5 13. h3 Nc5 14. Bf2 O-O 15. Rc1
Rfe8 16. b4 Ncd7 17. e5 dxe5 18. fxe5 Nh7 19. Nd5 exd5 20. cxd5 Qd8 21. Nc6
Bxc6 22. dxc6 Ndf8 23. c7 Qc8 24. Qd5 Ra7 25. Bxb6 Bxb4 26. Rf1 Re7 27. Bxa7
Rxc7 28. Be3 1-0

[Event "Mästar Elit"]
[Site "Växjö"]
[Date "2008.07.04"]
[Round "7"]
[White "Ebenfelt, Anders"]
[Black "Nilsson, Sebastian"]
[Result "1/2-1/2"]
[ECO "B90"]
[WhiteElo "2272"]
[BlackElo "2215"]
[Annotator ""]
[PlyCount "43"]
[TimeControl "40/7200:20/3600:1800"]

1. e4 c5 2. Nf3 d6 3. d4 Nf6 4. Nc3 cxd4 5. Nxd4 a6 6. f3 e6 7. g4 b5 8. g5
Nfd7 9. Be3 Nb6 10. Qd2 N8d7 11. Qf2 Bb7 12. O-O-O Rc8 13. h4 Rxc3 14. bxc3 d5
15. exd5 Nxd5 16. Ne2 Qa5 17. Kb1 Ne5 18. Bc5 Nc4 19. Bxf8 Rxf8 20. Qc5 Qa4 21.
Rxd5 Bxd5 22. Qc8+ 1/2-1/2

[Event "Mästar Elit"]
[Site "Växjö"]
[Date "2008.07.04"]
[Round "7"]
[White "Semcesen, Daniel"]
[Black "Vas, Peter"]
[Result "1-0"]
[ECO "D68"]
[WhiteElo "2349"]
[BlackElo "2196"]
[Annotator ""]
[PlyCount "51"]
[TimeControl "40/7200:20/3600:1800"]

1. d4 d5 2. c4 e6 3. Nf3 Nf6 4. Bg5 Be7 5. e3 O-O 6. Nc3 c6 7. Rc1 Nbd7 8. Bd3
dxc4 9. Bxc4 Nd5 10. Bxe7 Qxe7 11. O-O Nxc3 12. Rxc3 e5 13. Bb3 exd4 14. exd4
Nf6 15. Re1 Qd6 16. Ne5 Nd5 17. Rg3 Re8 18. Qh5 g6 19. Re4 Be6 20. Bxd5 Qxd5
21. Rh4 Kf8 22. Qxh7 Qxa2 23. h3 Ke7 24. Rf4 Qb1+ 25. Kh2 Rh8 26. Rxf7+ 1-0

[Event "Mästar Elit"]
[Site "Växjö"]
[Date "2008.07.04"]
[Round "7"]
[White "Evertsson, Lennart"]
[Black "Bejtovic, Jasmin"]
[Result "0-1"]
[ECO "A43"]
[WhiteElo "2170"]
[BlackElo "2364"]
[Annotator ""]
[PlyCount "112"]
[TimeControl "40/7200:20/3600:1800"]

1. d4 Nf6 2. Nc3 c5 3. d5 d6 4. e4 g6 5. Bd3 Bg7 6. Nge2 O-O 7. Ng3 e6 8. O-O
exd5 9. Nxd5 Nxd5 10. exd5 Nd7 11. Rb1 Ne5 12. Be2 Qh4 13. f3 f5 14. c3 f4 15.
Ne4 Bf5 16. Bd2 Bxe4 17. fxe4 Rf7 18. Qe1 Qh6 19. b4 cxb4 20. cxb4 g5 21. Bc3
Ng6 22. Bg4 Bxc3 23. Qxc3 Qg7 24. Rbc1 Qxc3 25. Rxc3 Re7 26. Bf5 Ne5 27. Rfc1
Kg7 28. a4 Kf6 29. Kf1 a5 30. Rb1 axb4 31. Rxb4 Ra6 32. Ke2 g4 33. Rc2 h5 34.
Bc8 f3+ 35. gxf3 Nxf3 36. Ke3 Ra7 37. h3 Kg5 38. hxg4 hxg4 39. Be6 Ne5 40. Rc8
b5 41. Rxb5 Rxa4 42. Rg8+ Kf6 43. Rb3 Rg7 44. Rxg7 Kxg7 45. Kf4 Kf6 46. Bf5 Ra1
47. Rb6 Rf1+ 48. Kg3 Kg5 49. Rxd6 Rf3+ 50. Kg2 Rd3 51. Rd8 Kf4 52. Rg8 Rd2+ 53.
Kf1 g3 54. Bg4 Nxg4 55. Rf8+ Ke3 56. Ke1 g2 0-1

[Event "Mästar Elit"]
[Site "Växjö"]
[Date "2008.07.06"]
[Round "8"]
[White "Vas, Peter"]
[Black "Couso, Luis"]
[Result "1/2-1/2"]
[ECO "B04"]
[WhiteElo "2196"]
[BlackElo "2315"]
[PlyCount "29"]
[TimeControl "40/7200:20/3600:1800"]

1. e4 e6 2. d4 d5 3. Nd2 dxe4 4. Nxe4 Bd7 5. Nf3 Bc6 6. Bd3
Nd7 7. O-O Ngf6 8. Ng3 Be7 9. c4 Bxf3 10. Qxf3 c6 11. b3 O-O 12. Bb2 Re8 13.
Rfe1 a5 14. Ne4 a4 15. Nxf6+ 1/2-1/2

[Event "Mästar Elit"]
[Site "Växjö"]
[Date "2008.07.06"]
[Round "8"]
[White "Landgren, Andreas"]
[Black "Lind, Jan-Olov"]
[Result "0-1"]
[ECO "C10"]
[WhiteElo "2198"]
[BlackElo "2206"]
[PlyCount "198"]
[TimeControl "40/7200:20/3600:1800"]

1. d4 Nf6 2. c4 g6 3. Nc3 Bg7 4. e4 d6 5. Nf3 O-O 6. h3 e5 7. d5 a5 8. Bg5 h6
9. Be3 Na6 10. Nd2 Nh5 11. g3 Qe8 12. Be2 Nf6 13. g4 Nh7 14. Rg1 Kh8 15. Nf3
Rg8 16. Qd2 Qf8 17. O-O-O Bd7 18. h4 f5 19. gxf5 gxf5 20. exf5 Bxf5 21. Rg3 Nf6
22. Rdg1 Nh5 23. R3g2 Nf4 24. Bxf4 exf4 25. Nd4 Qf6 26. Nxf5 Qxf5 27. Bg4 Bxc3
28. Qxc3+ Qe5 29. Be6 Qxc3+ 30. bxc3 Rxg2 31. Rxg2 Rf8 32. Rg6 Kh7 33. h5 Nc5
34. Kd2 Ne4+ 35. Ke2 f3+ 36. Ke3 Nxc3 37. Rg1 b6 38. a3 Ne2 39. Rg4 Nc3 40. Rd4
Na4 41. Bg4 Nc5 42. Bxf3 Re8+ 43. Kf4 Kg7 44. Kg3 Re1 45. Rg4+ Kh7 46. Rf4 Re7
47. Bg4 Kg7 48. Bf5 Kf6 49. Bg6+ Ke5 50. Rf8 Nd7 51. Rf4 b5 52. Re4+ Kf6 53.
cxb5 Rxe4 54. Bxe4 Ke5 55. Bg2 Nb6 56. f4+ Kf5 57. Bh3+ Kf6 58. Bg2 Nc4 59. a4
Nb2 60. Kf3 Nxa4 61. Ke3 Nc5 62. Kd4 Kf5 63. Ke3 a4 64. Bh3+ Kf6 65. Kd4 a3 66.
Kc3 Nd3 67. Kb3 Nxf4 68. Bg4 Ke5 69. Kxa3 Kxd5 70. Kb4 Nd3+ 71. Ka5 Ne5 72. Be2
Kc5 73. Ka6 d5 74. Kb7 Kd6 75. b6 cxb6 76. Kxb6 d4 77. Kb5 Kd5 78. Kb6 d3 79.
Bd1 Nc4+ 80. Kc7 Ke5 81. Kd7 Kf6 82. Kc6 Ne3 83. Bb3 d2 84. Kc5 d1=Q 85. Bxd1
Nxd1 86. Kd4 Kg5 87. Ke4 Nf2+ 88. Kf3 Ng4 89. Kg3 Nf6 90. Kh3 Nxh5 91. Kg2 Kg4
92. Kh2 Nf4 93. Kg1 Kg3 94. Kh1 h5 95. Kg1 h4 96. Kh1 h3 97. Kg1 Nd3 98. Kh1
Nf2+ 99. Kg1 h2+ 0-1

[Event "Mästar Elit"]
[Site "Växjö"]
[Date "2008.07.06"]
[Round "8"]
[White "Semcesen, Daniel"]
[Black "Evertsson, Lennart"]
[Result "1-0"]
[ECO "E90"]
[WhiteElo "2349"]
[BlackElo "2170"]
[PlyCount "135"]
[TimeControl "40/7200:20/3600:1800"]

1. d4 Nf6 2. c4 c5 3. d5 e6 4. Nc3 exd5 5. cxd5 d6 6. e4 g6 7. Bd3 Bg7 8. Nf3
O-O 9. h3 Na6 10. O-O Nc7 11. Re1 a6 12. Bf4 b5 13. a3 Bb7 14. Qd2 Nh5 15. Bg5
f6 16. Be3 f5 17. exf5 gxf5 18. Bg5 Bf6 19. Bh6 Bg7 20. Bg5 Bf6 21. Bc2 a5 22.
Bh6 b4 23. Na4 Bg7 24. Rad1 Bxd5 25. Bxg7 Kxg7 26. Nh2 Rb8 27. Nf1 Qh4 28. Ne3
Nf4 29. Kh2 Bxg2 30. Nxf5+ Rxf5 31. Bxf5 Nb5 32. Qe3 Bc6 33. Rg1+ Ng6 34. Rg4
Qf6 35. Bxg6 hxg6 36. Rdg1 Re8 37. Rxg6+ Qxg6 38. Rxg6+ Kxg6 39. Qg3+ Kf6 40.
axb4 axb4 41. Qf4+ Kg6 42. Nb6 Re4 43. Qg3+ Kf7 44. Qf3+ Ke7 45. Qf5 Re5 46.
Qh7+ Kd8 47. Nc4 Re7 48. Qh4 Be4 49. Qf6 Kd7 50. Nb6+ Ke8 51. Nc8 Rd7 52. Qe6+
Kd8 53. Qxe4 d5 54. Qe2 c4 55. Nb6 Rd6 56. Nxd5 Rxd5 57. Qxc4 Nc7 58. Qxb4 Ne6
59. h4 Rd4 60. Qa5+ Ke7 61. Kg3 Kf6 62. b4 Rd1 63. b5 Nd4 64. b6 Rg1+ 65. Kf4
Ne6+ 66. Ke4 Rg4+ 67. Kf3 Rxh4 68. b7 1-0

[Event "Mästar Elit"]
[Site "Växjö"]
[Date "2008.07.06"]
[Round "8"]
[White "Nilsson, Sebastian"]
[Black "Glimbrant, Torbjörn"]
[Result "1-0"]
[ECO "A70"]
[WhiteElo "2215"]
[BlackElo "2228"]
[PlyCount "107"]
[TimeControl "40/7200:20/3600:1800"]

1. e4 c6 2. d4 d5 3. Nc3 dxe4 4. Nxe4 Bf5 5. Ng3 Bg6 6. h4 h6 7. Nf3 Nd7 8. h5
Bh7 9. Bd3 Bxd3 10. Qxd3 e6 11. Bf4 Qa5+ 12. Bd2 Qc7 13. O-O-O Ngf6 14. Ne4
O-O-O 15. g3 Nxe4 16. Qxe4 Nf6 17. Qe2 Rd5 18. Ne5 Rxd4 19. Bf4 Re4 20. Qd3 Bc5
21. Ng6 Rxf4 22. Nxf4 Qa5 23. Kb1 Bxf2 24. Qf3 Bb6 25. Ne2 Qg5 26. a3 Qg4 27.
Rdf1 Qxf3 28. Rxf3 Rd8 29. Rd3 Rd5 30. Rxd5 cxd5 31. b3 Kd7 32. c4 dxc4 33.
bxc4 Kd6 34. Kc2 Ng4 35. a4 f5 36. Rb1 Kc6 37. Nf4 e5 38. Ne6 e4 39. Nxg7 Ne3+
40. Kc3 Bc7 41. Kd4 Nc2+ 42. Kc3 Ne3 43. Kd2 Nxc4+ 44. Ke2 f4 45. gxf4 Bxf4 46.
Ne6 Be5 47. Nd8+ Kc7 48. Nxb7 Nb6 49. Nc5 Kc6 50. Rc1 Bf4 51. Rc2 Kd5 52. a5
Nc4 53. Nxe4 Nxa5 54. Kf3 1-0

[Event "Mästar Elit"]
[Site "Växjö"]
[Date "2008.07.06"]
[Round "8"]
[White "Henriksson, Jacob"]
[Black "Jansson, Anders Owen"]
[Result "1/2-1/2"]
[ECO "B19"]
[WhiteElo "2241"]
[BlackElo "2189"]
[PlyCount "37"]
[TimeControl "40/7200:20/3600:1800"]

1. d4 Nf6 2. c4 g6 3. Nc3 Bg7 4. e4 O-O 5. Nf3 d6 6. Be2 e5 7. O-O exd4 8. Nxd4
Re8 9. f3 Nc6 10. Be3 Nh5 11. f4 Nf6 12. Nxc6 bxc6 13. Bf3 Rb8 14. Qc2 Ng4 15.
Bxg4 Bxg4 16. b3 c5 17. Rae1 c6 18. h3 Bc8 19. Rd1 1/2-1/2

[Event "Mästar Elit"]
[Site "Växjö"]
[Date "2008.07.07"]
[Round "9"]
[White "Couso, Luis"]
[Black "Landgren, Andreas"]
[Result "1/2-1/2"]
[ECO "A37"]
[WhiteElo "2315"]
[BlackElo "2198"]
[PlyCount "41"]
[TimeControl "40/7200:20/3600:1800"]

1. c4 c5 2. g3 Nc6 3. Bg2 g6 4. Nf3 Bg7 5. O-O e5 6. Nc3 Nge7
7. Ne1 O-O 8. Nc2 d6 9. Ne3 Be6 10. a3 a5 11. Ned5 Rb8 12. e3 b6 13. Nb5 Qd7
14. Qe2 Na7 15. Nxe7+ Qxe7 16. Nc3 Qd7 17. a4 Nc6 18. Nd5 Ne7 19. Nxe7+ Qxe7
20. d3 Qd7 21. e4 1/2-1/2

[Event "Mästar Elit"]
[Site "Växjö"]
[Date "2008.07.07"]
[Round "9"]
[White "Evertsson, Lennart"]
[Black "Vas, Peter"]
[Result "0-1"]
[ECO "E05"]
[WhiteElo "2170"]
[BlackElo "2196"]
[PlyCount "54"]
[TimeControl "40/7200:20/3600:1800"]

1. d4 d5 2. c4 e6 3. Nf3 Nf6 4. g3 Be7 5. Nc3 O-O 6. Bg2 dxc4 7. Qa4 a6 8. Qxc4
b5 9. Qb3 Bb7 10. Bf4 Nbd7 11. O-O c5 12. Rfd1 c4 13. Qc2 b4 14. Nb1 Rc8 15.
Ne5 Bxg2 16. Kxg2 Qa5 17. e4 Nxe5 18. Bxe5 Ng4 19. Bf4 Rfd8 20. h3 Nf6 21. a3
c3 22. axb4 Qxa1 23. Nxc3 Qa2 24. d5 exd5 25. exd5 Qc4 26. Qf5 Bxb4 27. b3 Qxb3
0-1

[Event "Mästar Elit"]
[Site "Växjö"]
[Date "2008.07.07"]
[Round "9"]
[White "Glimbrant, Torbjörn"]
[Black "Wickström, Lucas"]
[Result "1-0"]
[ECO "E10"]
[WhiteElo "2228"]
[BlackElo "2090"]
[PlyCount "80"]
[TimeControl "40/7200:20/3600:1800"]

1. d4 Nf6 2. Nf3 e6 3. c4 c5 4. e3 g6 5. Nc3 Bg7 6. Be2 O-O 7. O-O Na6 8. h3 b6
9. b3 Bb7 10. Bb2 Qe7 11. Re1 Rfd8 12. Rc1 d6 13. Bf1 Rac8 14. a3 Qf8 15. Nb5
Rd7 16. Be2 Ba8 17. Rc2 Bc6 18. Qa1 cxd4 19. Nbxd4 Be4 20. Rcc1 Nc5 21. Nd2 Bb7
22. Nb5 Nfe4 23. Nxe4 Bxe4 24. Bxg7 Qxg7 25. Qxg7+ Kxg7 26. Rc3 e5 27. f3 Bc6
28. a4 a6 29. Na3 Bb7 30. Bd1 d5 31. cxd5 Rxd5 32. Be2 f6 33. Rec1 Rd2 34. Kf1
Rcd8 35. Nc4 Ra2 36. Rd1 Rxd1+ 37. Bxd1 b5 38. Na5 Ra1 39. Nxb7 e4 40. Nxc5
Rxd1+ 1-0

[Event "Mästar Elit"]
[Site "Växjö"]
[Date "2008.07.07"]
[Round "9"]
[White "Ebenfelt, Anders"]
[Black "Henriksson, Jacob"]
[Result "1/2-1/2"]
[ECO "C30"]
[WhiteElo "2272"]
[BlackElo "2241"]
[PlyCount "80"]
[TimeControl "40/7200:20/3600:1800"]

1. e4 e5 2. f4 Bc5 3. Nf3 d6 4. Bc4 Nf6 5. d3 Nc6 6. Nc3 Bg4 7. h3 Bxf3 8. Qxf3
Nd4 9. Qg3 O-O 10. Bb3 exf4 11. Bxf4 Nh5 12. Qg4 Nxf4 13. Qxf4 b5 14. Ne2 a5
15. Nxd4 Bxd4 16. c3 Be5 17. Qf2 a4 18. Bd5 c6 19. Bxc6 Rc8 20. Bxb5 a3 21. Bc4
axb2 22. Qxb2 d5 23. exd5 Qf6 24. Rc1 Rfe8 25. Kd1 Bg3 26. Rc2 Re3 27. Kc1 Rb8
28. Bb5 Qg5 29. Kb1 Qxd5 30. a4 Rxd3 31. Rf1 Be5 32. Qa2 Rd1+ 33. Rxd1 Qxd1+
34. Kb2 Rd8 35. Qb1 Qd6 36. Qf1 g6 37. Qc4 Qd1 38. Rf2 Rd2+ 39. Rxd2 Qxd2+ 40.
Kb3 Qxg2 1/2-1/2

[Event "Mästar Elit"]
[Site "Växjö"]
[Date "2008.07.07"]
[Round "9"]
[White "Jansson, Anders Owen"]
[Black "Bejtovic, Jasmin"]
[Result "1/2-1/2"]
[ECO "E94"]
[WhiteElo "2189"]
[BlackElo "2364"]
[PlyCount "63"]
[TimeControl "40/7200:20/3600:1800"]

1. Nf3 g6 2. c4 Bg7 3. d4 Nf6 4. Nc3 O-O 5. e4 d6 6. Be2 e5 7. O-O Nbd7 8. Be3
exd4 9. Nxd4 Re8 10. f3 c6 11. Qd2 Qe7 12. Rad1 d5 13. cxd5 Nxd5 14. exd5 Qxe3+
15. Qxe3 Rxe3 16. Kf2 Re8 17. dxc6 bxc6 18. Nxc6 Nb6 19. Nb5 Bb7 20. Ncxa7 Bxb2
21. Rd2 Be5 22. Rfd1 Bf4 23. Rd3 Nc4 24. Rd7 Be3+ 25. Kg3 Na5 26. Nc7 Bxa7 27.
Nxe8 Rxe8 28. Bb5 Re5 29. Rd8+ Kg7 30. a4 h5 31. h4 Bb6 32. R8d7 1/2-1/2

[Event "Mästar Elit"]
[Site "Växjö"]
[Date "2008.07.07"]
[Round "9"]
[White "Lind, Jan-Olov"]
[Black "Nilsson, Sebastian"]
[Result "1-0"]
[ECO "B95"]
[WhiteElo "2206"]
[BlackElo "2215"]
[PlyCount "87"]
[TimeControl "40/7200:20/3600:1800"]

1. e4 c5 2. Nf3 d6 3. d4 cxd4 4. Nxd4 Nf6 5. Nc3 a6 6. Bg5 e6 7. Qf3 Nbd7 8.
O-O-O Qc7 9. Qg3 h6 10. Be3 Nc5 11. f3 Bd7 12. Kb1 Rc8 13. Qf2 b5 14. a3 g6 15.
Qd2 Qb7 16. b4 Na4 17. Nxa4 bxa4 18. c4 h5 19. Nc2 Bc6 20. Qd4 Be7 21. Qa7 Nd7
22. Qxb7 Bxb7 23. Bf4 e5 24. Be3 f5 25. exf5 gxf5 26. Be2 h4 27. h3 Rg8 28.
Rhg1 Nf6 29. Bf2 Nh5 30. Ne3 Nf4 31. Bf1 Rf8 32. Kb2 Kd7 33. c5 Ke6 34. cxd6
Bf6 35. d7 e4+ 36. Kb1 Rc3 37. Bc4+ Rxc4 38. Nxc4 Ne2 39. Rd6+ Kf7 40. Re1 exf3
41. gxf3 Bxf3 42. Rxf6+ Kxf6 43. d8=Q+ Rxd8 44. Bxh4+ 1-0